cohdb
Replays
Latest Replays
All Replays
Popular Replays
Top Player Replays
Match Explorer
How It Works
Community
CoH3 Stats
Reddit
Sign in to upload your games and track your stats! →
Sign in with Steam
Match 41206527
Unlisted
Match 41206527
Overview
Messages
Build Orders
End
Selects Advanced Infantry Battlegroup
Construct Barracks
Engineer Squad
Riflemen Squad
Riflemen Squad
Selects Convert to Ranger Squad
Convert to Ranger Squad
Ranger Squad
Ranger Squad
sergio
ManFrau
LOLwhat2
Tovarish [fr]
Endoras [Fr]
[Fr33_Co] Alpha Cat #x86 > java
0
0
Comments
sign in to comment!
No comments posted yet!